cohdb
Replays
Latest Replays
All Replays
Popular Replays
Top Player Replays
Match Explorer
How It Works
Community
CoH3 Stats
Reddit
Sign in to upload your games and track your stats! →
Sign in with Steam
Match 43945639
Unlisted
Match 43945639
Overview
Messages
Build Orders
End
Engineer Squad
Construct Weapon Support Center
Selects Heavy Weapons
M1919 Machine Gun Team
Bazooka Squad
M1919 Machine Gun Team
Infantry Support Center
Construct Medical Station
Selects Assault Carriers
M3 Assault Carrier
Selects Exchangeable Parts
M3 Assault Carrier
M1919 Machine Gun Team
Selects M2HB .50cal Heavy Machine Gun
Engineer Squad
Construct Tank Depot
Scout Squad
M4(105) Sherman Bulldozer
woof_raff
Baked Potato
승구찌
Ostrava
Punished Natsu
Friend
0
0
Comments
sign in to comment!
No comments posted yet!